 Dungeon Crawl Stone Soup version 0.30.1-3-gfc49f6343a (webtiles) character file.

Game seed: 8542949735235971016

6617 safid the Frost Mage (level 11, -3/89 (92) HPs)
             Began as a Merfolk Ice Elementalist on Aug 3, 2023.
             Was a Believer of Vehumet.
             Slain by Sonja
             ... wielding a +3 dagger of distortion
              (7 damage)
             ... on level 10 of the Dungeon.
             The game lasted 00:20:50 (11539 turns).

safid the Frost Mage (Merfolk Ice Elementalist)    Turns: 11539, Time: 00:20:51

HP:   -3/89 (92)    AC:  5    Str: 15    XL:     11   Next: 2%
MP:   29/33         EV: 12    Int: 18    God:    Vehumet [**....]
Gold: 86            SH:  0    Dex:  7    Spells: 21/28 levels left

rFire   . . .        t - +8 rapier of Causality {drain, Fly rN+ Dex-3}
rCold   . . .        (no shield)
rNeg    + + .        K - +2 robe {Will+}
rPois   .            G - +0 helmet
rElec   +            (no cloak)
rCorr   +            (no gloves)
SInv    .            (no boots)
Will    +....        x - amulet of the acrobat
Stlth   ++           s - ring of magical power
HPRegen 0.34/turn    a - ring "Quossopoxt" {rElec rN+ rCorr Str+6 Dex-5}
MPRegen 0.23/turn

%: acrobat
@: lethally poisoned (-3 -> -14), flying, slowed, lightly drained, very slow
A: (nimble swimmer 2), mertail
a: Renounce Religion


You were on level 10 of the Dungeon.
You worshipped Vehumet.
Vehumet was pleased with you.
You visited 2 branches of the dungeon, and saw 11 of its levels.
You also visited: Ossuary.

You collected 784 gold pieces.
You spent 698 gold pieces at shops.

Inventory:

Hand Weapons
 t - the +8 rapier of Causality (weapon) {drain, Fly rN+ Dex-3}
   (You took it off an orc on level 4 of the Dungeon)

   Dex:       It affects your dexterity (-3).
   rN:        It protects you from negative energy.
   Fly:       It grants you flight.
Armour
 G - a +0 helmet (worn)
 K - a +2 robe of willpower (worn)
Jewellery
 a - the ring "Quossopoxt" (right hand) {rElec rN+ rCorr Str+6 Dex-5}
   (You bought it in a shop on level 7 of the Dungeon)

   [ring of strength]

   Str:       It affects your strength (+6).
   Dex:       It affects your dexterity (-5).
   rElec:     It insulates you from electricity.
   rN:        It protects you from negative energy.
   rCorr:     It protects you from acid and corrosion.
 s - a ring of magical power (left hand)
 x - an amulet of the acrobat (around neck)
Wands
 u - a wand of flame (62)
 y - a wand of charming (25)
 z - a wand of digging (14)
Scrolls
 c - 6 scrolls of teleportation
 f - 3 scrolls of enchant armour
 i - 2 scrolls of enchant weapon
 k - a scroll of butterflies {unknown}
 m - a scroll of brand weapon {unknown}
 q - 2 scrolls of fear
 r - 2 scrolls of amnesia
 v - a scroll of blinking {unknown}
 B - 5 scrolls of magic mapping
 D - a scroll of silence {unknown}
 F - 2 scrolls of fog
 I - a scroll of poison {unknown}
 J - a scroll of noise {unknown}
Potions
 b - 3 potions of magic
 d - 4 potions of might
 e - 2 potions of heal wounds
 g - a potion of berserk rage {unknown}
 h - 7 potions of curing
 j - a potion of ambrosia {unknown}
 l - a potion of haste {unknown}
 n - 7 potions of lignification
 o - a potion of degeneration {unknown}
 p - a potion of invisibility {unknown}
 w - 2 potions of mutation {unknown}
 C - 3 potions of resistance
 E - 2 potions of brilliance {unknown}
 H - a potion of cancellation {unknown}


   Skills:
 + Level 10.3 Fighting
 - Level 2.6 Dodging
 - Level 2.1 Stealth
 + Level 9.0 Spellcasting
 + Level 11.3 Ice Magic


You had 21 spell levels left.
You knew the following spells:

 Your Spells              Type           Power      Damage    Failure   Level
a - Freeze                Ice            100%       1d10      1%          1
b - Frozen Ramparts       Ice            96%        1d15      1%          3
c - Ozocubu's Armour      Ice            48%        N/A       1%          3

Your spell library contained the following spells:

 Spells                   Type           Power      Damage    Failure   Level
 Shock                    Conj/Air       32%        1d5       9%          1
 Summon Ice Beast         Ice/Summ       28%        N/A       9%          4
 Poisonous Vapours        Pois/Air       16%        N/A       13%         2
 Static Discharge         Conj/Air       16%        2-3/arc   13%         2
 Sublimation of Blood     Necr           8%         N/A       13%         2
 Wereblood                Tmut           8%         N/A       13%         2
 Dazzling Flash           Conj/Hex       16%        N/A       26%         3
 Mephitic Cloud           Conj/Pois/Air  8%         N/A       26%         3
 Volatile Blastmotes      Fire/Tloc      16%        2d11      26%         3
 Freezing Cloud           Conj/Ice/Air   10%        6-21      45%         5
 Airstrike                Air            4%         2d(1-17)  65%         4
 Iskenderun's Mystic Bla  Conj/Tloc      8%         2d4       65%         4
 Summon Lightning Spire   Summ/Air       8%         N/A       65%         4
 Eringya's Noxious Bog    Tmut/Pois      4%         N/A       100%        6
 Starburst                Conj/Fire      4%         6d3       100%        6
 Summon Cactus Giant      Summ           4%         N/A       100%        6
 Monstrous Menagerie      Summ           4%         N/A       100%        7
 Summon Hydra             Summ           4%         N/A       100%        7


Dungeon Overview and Level Annotations

Branches:
Dungeon (10/15)            Temple (1/1) D:5            Lair (0/5) D:9
Ossuary (visited)
    Orc: D:9-12

Altars:
Ashenzari
Cheibriados
Dithmenos
Fedhas
Gozag
Hepliaklqana
Kikubaaqudgha
Makhleb
Nemelex Xobeh
Okawaru
Qazlal
Ru
Sif Muna
Trog
Uskayaw
Vehumet
Wu Jian
Xom
Yredelemnul
Zin
The Shining One

Shops:
D:7 *?=

Annotations:
D:3 1 runed translucent door, N32K's ghost, amateur DrCj
D:5 2 transporters, jujuben's ghost, novice MfSu
D:7 3 runed translucent doors, wingedge's ghost, novice DgWn
D:10 Sonja


Innate Abilities, Weirdness & Mutations

((You are very nimble when in or above water. (Stealth+, EV+, Speed+++)))
Your lower body shifts to a powerful aquatic tail in water.


Message History

Sonja zaps a wand.
The puff of flame hits you.
Sonja mumbles some strange words.
Sonja blinks!
Sonja gestures wildly while chanting.
Sonja blinks!
Sonja shouts, "Too slow!"
You see here a scroll of identify.
Sonja zaps a wand.
The puff of flame misses you.
The now-empty wand crumbles to dust.
Sonja throws a curare-tipped dart.
The curare-tipped dart hits you.
You are poisoned.
You have difficulty breathing.
You feel yourself slow down.
Sonja plants her feet in a plie.
Sonja throws a curare-tipped dart.
The curare-tipped dart hits you.
You are more poisoned.
You have difficulty breathing.
You feel as though you will be slow longer.
Unknown command.
You feel extremely sick. Sonja completely misses you. x3
Unknown command.
Casting: Ozocubu's Armour (safe; 1% risk of failure)
Confirm with . or Enter, or press ? or * to list all spells.
Aiming: Freeze (safe; 1% risk of failure)
Press: ? - help, Shift-Dir - straight line, f - Sonja
Aim: Sonja, wielding a +3 dagger of distortion and quivering curare-tipped darts (heavily wounded)
You freeze Sonja!
Sonja is severely wounded.
You feel very sick.
Sonja hits you with a +3 dagger of distortion.
Space warps horribly around you!!
* * * LOW HITPOINT WARNING * * *
Sonja hits you with a +3 dagger of distortion.
* * * LOW HITPOINT WARNING * * *
Sonja hits you with a +3 dagger of distortion.
* * * LOW HITPOINT WARNING * * *
Space warps around you.
* * * LOW HITPOINT WARNING * * *
Sonja hits you with a +3 dagger of distortion!
You die...

...#####.......
#...#.......#
...........#
#....#....##
#...#.....#
#.........##
####.........#.##
#................
#.....?..@K?.....
##.#.............
#.#.............
###...............
#.$...<.####...#.#
##............## #
##...........#
##..........#
####........


You could see Sonja.

Vanquished Creatures
  Pikel (D:8)
  An unseen horror (D:9)
  6 yaks (D:8)
  Edmund (D:6)
  2 acid dragons (D:9)
  2 water moccasins
  5 black bears
  2 orc warriors
  4 ice beasts
  2 centaurs
  2 ogres
  A phantom (D:6)
  A lemure (D:8)
  A gnoll sergeant (D:9)
  2 bullfrogs
  15 scorpions
  6 wights
  6 killer bees (D:9)
  5 howler monkeys
  2 human zombies
  A gnoll bouda (D:5)
  5 hounds
  2 jellies
  8 orc priests
  2 sleepcaps (D:6)
  3 iguanas
  Terence (D:3)
  Ijyb (D:4)
  4 scorpion zombies (Ossuary)
  11 orc wizards
  3 mummies (Ossuary)
  11 gnolls
  3 adders
  3 ufetubi
  5 worms
  A dart slug (D:5)
  28 orcs
  7 endoplasms
  3 giant cockroaches
  9 goblins
  11 hobgoblins
  7 jackals
  6 kobolds
  2 quokkas
  4 ball pythons (D:1)
  12 bats
  5 frilled lizards
  3 gnoll zombies (Ossuary)
  2 goblin zombies (Ossuary)
  2 hobgoblin zombies (Ossuary)
  4 kobold zombies
  3 orc zombies (Ossuary)
  8 rats
  A rat zombie (D:5)
  A spectral kobold (D:7)
249 creatures vanquished.

Notes
Turn   | Place    | Note
-------+----------+-------------------------------------------
     0 | D:1      | safid the Merfolk Ice Elementalist began the quest for the
                  | Orb.
     0 | D:1      | Reached XP level 1. HP: 13/13 MP: 3/3
   350 | D:1      | Reached XP level 2. HP: 12/20 MP: 3/5
   403 | D:1      | Reached skill level 1 in Fighting
   662 | D:1      | Reached XP level 3. HP: 20/26 MP: 6/6
  1241 | D:2      | Found a hazy altar of Hepliaklqana.
  1310 | D:2      | Reached XP level 4. HP: 28/33 MP: 8/8
  1312 | D:2      | Reached skill level 5 in Ice Magic
  1900 | D:3      | Learned a level 3 spell: Frozen Ramparts
  1904 | D:3      | Learned a level 3 spell: Ozocubu's Armour
  2098 | D:3      | Found a shimmering blue altar of Sif Muna.
  2111 | D:3      | Reached XP level 5. HP: 21/39 MP: 2/9
  2202 | D:3      | Found a runed translucent door.
  2207 | D:3      | Noticed N32K's ghost (amateur DrCj)
  2430 | D:3      | Noticed Terence
  2443 | D:3      | Killed Terence
  2891 | D:4      | Identified the +8 rapier of Causality {drain, Fly rN+
                  | Dex-3}
  2962 | D:4      | Found a sparkling altar of Nemelex Xobeh.
  3044 | D:4      | Reached XP level 6. HP: 23/47 MP: 11/11
  3304 | D:4      | Got the Tome of Command and Therianthropy
  3316 | D:4      | Noticed Ijyb
  3321 | D:4      | Killed Ijyb
  3322 | D:4      | Reached skill level 6 in Ice Magic
  3466 | D:4      | Reached XP level 7. HP: 51/54 MP: 13/13
  3837 | D:5      | Entered Level 5 of the Dungeon
  3838 | D:5      | Found a transporter.
  3838 | D:5      | Noticed jujuben's ghost (novice MfSu)
  3885 | D:5      | Identified the +1 ring mail "Gexiadie" {rElec Str-3 Int+2}
  3944 | D:5      | Found a sand-covered staircase.
  3973 | D:5      | Reached skill level 5 in Fighting
  3986 | D:5      | Reached skill level 7 in Ice Magic
  3989 | Ossuary  | Entered an ossuary
  4051 | Ossuary  | Reached skill level 5 in Spellcasting
  4051 | Ossuary  | Reached XP level 8. HP: 59/62 MP: 15/15
  4647 | Ossuary  | Reached skill level 8 in Ice Magic
  4922 | D:5      | Found a transporter.
  4956 | D:5      | Found a staircase to the Ecumenical Temple.
  4965 | Temple   | Entered the Ecumenical Temple
  5082 | Temple   | Became a worshipper of Vehumet
  5207 | D:5      | Found a transporter.
  5235 | D:5      | Reached XP level 9. HP: 66/71 MP: 18/18
  5574 | D:5      | Found a transporter.
  6170 | D:6      | Noticed Edmund
  6179 | D:6      | Killed Edmund
  6319 | D:6      | Reached skill level 9 in Ice Magic
  6374 | D:6      | Found a shadowy altar of Dithmenos.
  6865 | D:6      | Found an iron altar of Okawaru.
  6868 | D:6      | Found a blossoming altar of Fedhas.
  6874 | D:6      | Found a sacrificial altar of Ru.
  6877 | D:6      | Found an ancient bone altar of Kikubaaqudgha.
  6879 | D:6      | Found a basalt altar of Yredelemnul.
  6884 | D:6      | Found a snail-covered altar of Cheibriados.
  7537 | D:7      | Found Agiacic's Jewellery Boutique.
  7589 | D:7      | Reached * piety under Vehumet
  7589 | D:7      | Offered knowledge of Kiss of Death by Vehumet.
  7674 | D:7      | Found Lydd's Assorted Antiques.
  7679 | D:7      | Reached XP level 10. HP: 82/82 MP: 21/21
  7713 | D:7      | Bought a scroll of identify for 66 gold pieces
  8158 | D:7      | Reached skill level 10 in Ice Magic
  8237 | D:7      | Found a runed translucent gate.
  8237 | D:7      | Found a runed translucent gate.
  8237 | D:7      | Found a runed translucent gate.
  8237 | D:7      | Noticed wingedge's ghost (novice DgWn)
  8580 | D:7      | Found a hazy altar of Hepliaklqana.
  8956 | D:7      | Found Xuomenef's Magic Scroll Emporium.
  8959 | D:7      | Bought a scroll of identify for 30 gold pieces
  8959 | D:7      | Bought a scroll of fog for 60 gold pieces
  9667 | D:8      | Noticed Pikel
  9673 | D:8      | Killed Pikel
  9992 | D:9      | Found a staircase to the Lair.
 10061 | D:9      | Killed an unseen horror
 10062 | D:9      | Reached skill level 10 in Fighting
 10065 | D:9      | Reached skill level 11 in Ice Magic
 10206 | D:9      | Offered knowledge of Shock by Vehumet.
 10299 | D:9      | Reached ** piety under Vehumet
 10607 | D:9      | Found a shimmering altar of Xom.
 10611 | D:9      | Found a glowing silver altar of Zin.
 10614 | D:9      | Found a bloodstained altar of Trog.
 11027 | D:9      | Reached XP level 11. HP: 67/88 MP: 23/23
 11415 | D:7      | Bought the ring "Quossopoxt" {rElec rN+ rCorr Str+6 Dex-5}
                  | for 542 gold pieces
 11516 | D:10     | Entered Level 10 of the Dungeon
 11516 | D:10     | Noticed Sonja
 11539 | D:10     | HP: 4/89 [Sonja/+3 dagger of distortion (4)]
 11539 | D:10     | Slain by Sonja

Illustrated notes

Levels and vault maps discovered:
D:1:      co_arrival_random_square_maze, layout_loops_cross
D:2:      layout_basic, basic_altar, minmay_stone_trees_small
D:3:      layout_basic, mainiacjoe_overflow_24_doors,
          ebering_ghost_reflecting_pool, uniq_terence
D:4:      layout_cave_pools, kennysheep_mini, uniq_ijyb
D:5:      gammafunk_cloud_chamber, layout_basic, lemuel_temple_firewalk_b,
          gammafunk_ghost_arena, enter_ossuary_3
D:6:      layout_basic, nicolae_overflow_hallway_of_the_gods,
          nicolae_overflow_hidden_temple, item_on_display_a, uniq_edmund
D:7:      layout_layer_cave, nicolae_hepliaklqana_monster_ancestors,
          serial_shops, shop, nicolae_shop_rolled_up, shop,
          ebering_ghost_rock_garden
D:8:      layout_gridville, uniq_pikel
D:9:      layout_gridville, grunt_temple_overflow_diamond, lair_entry_dummy
D:10:     layout_cave_pools, lemuel_doored_altar, serial_bayou_lagoon_b,
          uniq_harold, uniq_josephine, uniq_sonja
Temple:   hellmonk_temple_beads

Skill      XL: |  1  2  3  4  5  6  7  8  9 10 11 |
---------------+----------------------------------+-----
Fighting       | 1 2 3 4 5 6 8 10 | 10.3
Ice Magic      | 5 6 7 8 9 11 | 11.3
Spellcasting   | 3 4 5 6 7 8 9 |  9.0
Dodging        | |  2.6
Stealth        | |  2.1

Action                     |  1- 3 |  4- 6 |  7- 9 | 10-12 || total
---------------------------+-------+-------+-------+-------++-------
  Melee: Mace              |     7 |       |       |       ||     7
         Short sword       |    89 |    11 |       |       ||   100
         Punch             |     1 |     2 |     1 |     1 ||     5
         Dagger            |       |   127 |       |       ||   127
         Rapier            |       |    27 |   219 |    84 ||   330
   Cast: Freeze            |    16 |     9 |     2 |     5 ||    32
         Frozen Ramparts   |       |     5 |    34 |    27 ||    66
         Ozocubu's Armour  |       |     4 |    30 |    21 ||    55
    Use: Potion            |       |       |     1 |     2 ||     3
         Scroll            |       |       |     5 |     6 ||    11
   Stab: Sleeping          |     4 |     2 |     1 |     2 ||     9
 Armour: Robe              |    15 |    35 |    86 |    30 ||   166
  Dodge: Dodged            |    53 |    81 |   195 |   104 ||   433
